 Dungeon Crawl Stone Soup version 0.21.1-1-g345015fe64 (webtiles) character file.

431 Brecoman the Changer (level 6, -3/47 HPs)
             Began as a Draconian Transmuter on June 21, 2018.
             Killed by divine providence
             ... invoked by an orc priest
              (17 damage)
             ... on level 4 of the Dungeon.
             The game lasted 00:15:04 (3485 turns).

Brecoman the Changer (Draconian Transmuter)         Turns: 3485, Time: 00:15:05

Health: -3/47      AC:  6    Str: 13    XL:     6   Next: 66%
Magic:  9/9        EV: 18    Int: 14    God:
Gold:   139        SH:  6    Dex: 17    Spells: 1/9 levels left

rFire    + . .     SeeInvis .     - Unarmed
rCold    x . .     Gourm    .   h - +2 buckler
rNeg     . . .     Faith    .   (armour unavailable)
rPois    .         Spirit   .   (helmet restricted)
rElec    .         Reflect  .   (no cloak)
rCorr    .         Harm     .   (no gloves)
MR       .....                  (boots currently unavailable)
Stlth    ++++......             (no amulet)
HPRegen  0.15/turn              q - ring of fire
MPRegen  0.11/turn              n - ring of stealth

@: agile, appendage, slowed, very slow
A: unfitting armour, talons 3, cold-blooded, AC +6
a: End Transformation


You were on level 4 of the Dungeon.
You were very hungry.
You had grown temporary talons.
You visited 1 branch of the dungeon, and saw 4 of its levels.

You collected 139 gold pieces.

Inventory:

Hand Weapons
 a - a +0 scythe
Missiles
 d - a throwing net (quivered)
 k - 95 stones
Armour
 h - a +2 buckler (worn)
Jewellery
 i - an uncursed ring of protection from cold
 n - a ring of stealth (right hand)
 q - a ring of fire (left hand)
Wands
 m - a wand of disintegration (12)
Scrolls
 g - 5 scrolls of remove curse
Potions
 f - 2 potions of brilliance {unknown}
 l - a potion of flight {unknown}
 o - a potion of resistance {unknown}
Books
 b - a book of Changes

   Spells                             Type                      Level
   a - Beastly Appendage              Transmutation                1
   b - Sticks to Snakes               Transmutation                2
   c - Spider Form                    Transmutation/Poison         3
   d - Ice Form                       Ice/Transmutation            4
   e - Blade Hands                    Transmutation                5
Comestibles
 c - 6 rations


   Skills:
 - Level 1.1 Fighting
 - Level 3.2 Dodging
 - Level 1.7 Shields
 - Level 4.4 Unarmed Combat
 - Level 2.1 Spellcasting
 * Level 5.2 Transmutations


You had one spell level left.
You knew the following spells:

 Your Spells              Type           Power        Failure   Level  Hunger
a - Beastly Appendage     Tmut           ###...       3%          1    ##.....
b - Sticks to Snakes      Tmut           ###.....     5%          2    ###....
c - Blade Hands           Tmut           ###.......   69%         5    ######.


Dungeon Overview and Level Annotations

Branches:
Dungeon (4/15)
 Temple: D:4-7

Altars:
Dithmenos
Wu Jian

Annotations:
D:3 Grinder, Ijyb


Innate Abilities, Weirdness & Mutations

Your plain brown scales are hard. (AC +6)
You cannot fit into any form of body armour.
You are cold-blooded and may be slowed by cold attacks.
You have claws for feet.


Message History

The orc hits you from afar with a trident.
You feel agile all of a sudden.
The orc wizard points at you and mumbles some strange words.
You feel yourself slow down. The ball python closely misses you.
The ball python constricts you.
You escape the ball python's grasp.
The orc wizard hits you with a dagger of holy wrath.
You block the orc wizard's attack. The orc wizard barely misses you.
The orc wizard mumbles some strange words.
The orc wizard blinks!
The ball python closely misses you. The ball python misses you.
You block the orc's attack.
The ball python bites you but does no damage.
The ball python barely misses you. The orc wizard casts a spell at you.
The magic dart hits you!
* * * LOW HITPOINT WARNING * * *
The orc priest invokes the aid of Beogh against you.
Beogh smites you!
You die...

...## ...... ... ....... #
#.# .##.......#.. ####)##
............ #...).#####
#.........# ####.###<)...#
#$........###....###.....##
#.........##..###.##.......
#........o@..####.##.....#.
###.......S........##.....#.
.........oo........#......#
.###.................##....
#......o..........#........
.....##.##.........#.#......
....##...##..........#......
...##.)...##.......### .....
..##...)..!#.......# ###.#


You could see an orc priest, an orc wizard, 2 orcs and a ball python.

Vanquished Creatures
  Sigmund (D:3)
  An ogre (D:4)
  An orc wizard (D:4)
  A worker ant (D:4)
  Natasha (twice) (D:2)
  3 adders
  A gnoll (D:4)
  2 oozes
  A worm (D:2)
  2 dart slugs (D:1)
  3 leopard geckos
  6 orcs
  3 giant cockroaches
  7 goblins
  A hobgoblin (D:1)
  3 jackals (D:3)
  6 kobolds
  A ball python (D:1)
  2 bats
  A frilled lizard (D:2)
  4 rats
52 creatures vanquished.

Vanquished Creatures (collateral kills)
  An orc wizard (D:3)
  2 orcs (D:3)
  A frilled lizard (D:3)
4 creatures vanquished.

Grand Total: 56 creatures vanquished

Notes
Turn   | Place    | Note
-------+----------+-------------------------------------------
     0 | D:1      | Brecoman the Draconian Transmuter began the quest for the Orb.
     0 | D:1      | Reached XP level 1. HP: 16/16 MP: 3/3
   237 | D:1      | Reached XP level 2. HP: 8/23 MP: 3/5
   246 | D:1      | Learned a level 2 spell: Sticks to Snakes
  1230 | D:2      | Reached XP level 3. HP: 20/28 MP: 2/6
  1677 | D:2      | Noticed Natasha
  1687 | D:2      | Killed Natasha
  1687 | D:2      | Reached skill level 3 in Transmutations
  1687 | D:2      | Reached XP level 4. HP: 17/35 MP: 3/7
  2081 | D:3      | Noticed Ijyb
  2090 | D:3      | Noticed Grinder
  2237 | D:2      | Noticed Natasha
  2248 | D:2      | Killed Natasha
  2556 | D:3      | Found a shadowy altar of Dithmenos.
  2750 | D:3      | Noticed Sigmund
  2765 | D:3      | Killed Sigmund
  2765 | D:3      | Reached skill level 1 in Shields
  2765 | D:3      | Reached skill level 4 in Transmutations
  2765 | D:3      | Reached XP level 5. HP: 15/40 MP: 3/8
  2981 | D:4      | Reached XP level 6. HP: 29/47 MP: 7/9
  3418 | D:4      | Learned a level 5 spell: Blade Hands
  3451 | D:4      | Found an ornate altar of the Wu Jian Council.
  3468 | D:4      | Reached skill level 5 in Transmutations
  3485 | D:4      | Killed from afar by an orc priest

Skill      XL: |  1  2  3  4  5  6 |
---------------+-------------------+-----
Dodging        | 2 3 |  3.2
Transmutations | 3 4 5 |  5.2
Shields        | 1 |  1.7
Unarmed Combat | 4 |  4.4
Fighting       | |  1.1
Spellcasting   | |  2.1

Action                   |  1- 3 |  4- 6 || total
-------------------------+-------+-------++-------
Melee: Unarmed           |   117 |   102 ||   219
       Tailslap          |    17 |     9 ||    26
       Kick              |     8 |    20 ||    28
       Headbutt          |     2 |     5 ||     7
Throw: Throwing net      |       |     1 ||     1
 Cast: Beastly Appendage |    19 |    19 ||    38
       Sticks to Snakes  |     2 |    10 ||    12
  Use: Scroll            |     7 |     2 ||     9
       Potion            |       |     2 ||     2
 Stab: Sleeping          |     1 |       ||     1
       Fleeing           |       |     1 ||     1
  Eat: Chunk             |     3 |     6 ||     9
Armor: Skin              |    30 |    28 ||    58
Dodge: Dodged            |    77 |    72 ||   149
Block: Buckler           |       |    20 ||    20
